Map: [ESL] Alcyone

Players

Lambo - Winner!

  • Race: Zerg Zerg
  • Spawn Location: 1:00

Spirit

  • Race: Terran Terran
  • Spawn Location: 7:00

Event: ESL Spring 2024 Finals

VOD

Have the link to the VOD?

Description

Time

  • Played on: June 1, 2024, 12:02 p.m.
  • Length: 5:48

All games in this series

Show
View Real Time Build Order
Export as new Build Order

Lambo Zerg - Winner!

Build Orders: Hatch First, Ravager All-In 

Get SALT Encoding   

  12  0:00  Drone  
  13  0:09  Drone  
  14  0:38  Hatchery  
  13  0:49  Spawning Pool  
  12  0:52  Drone  
  13  0:57  Drone  
  14  1:05  Drone, Extractor  
  14  1:10  Drone, Extractor  
  14  1:18  Overlord  
  14  1:36  Roach Warren  
  14  1:38  Drone  
  14  1:41  Drone  
  15  1:47  Drone  
  16  1:57  Drone  
  17  2:16  Roach x2  
  17  2:17  Roach  
  23  2:25  Overlord  
  23  2:33  Roach  
  23  2:35  Ravager  
  26  2:37  Ravager  
  26  2:39  Ravager  
  28  2:46  Roach  
  30  2:53  Roach  
  32  3:02  Roach  
  32  3:04  Ravager  
  35  3:20  Overlord  
  35  3:38  Overlord  
  35  3:44  Roach x3  
  35  3:52  Ravager  
  35  3:54  Ravager  
  35  3:55  Roach  
  36  4:05  Ravager  
  36  4:09  Roach  
  36  4:21  Roach  
  38  4:28  Roach  
  40  4:32  Ravager  
  41  4:40  Roach  
  43  4:50  Ravager  
  44  4:54  Overlord, Roach  
  46  5:05  Roach  
  46  5:08  Roach  
  46  5:09  Roach  
  42  5:14  Roach  
  42  5:22  Roach  
Show
View Real Time Build Order
Export as new Build Order

Spirit Terran 

Build Orders: Command Center First 

Get SALT Encoding   

  12  0:00  SCV  
  13  0:12  SCV  
  14  0:17  Supply Depot  
  14  0:24  SCV  
  15  0:38  SCV  
  16  0:50  SCV  
  17  0:59  Command Center  
  17  1:02  SCV  
  18  1:12  Barracks  
  18  1:16  SCV  
  19  1:21  Refinery  
  19  1:28  SCV  
  19  1:30  Refinery  
  20  1:40  SCV  
  21  1:52  SCV  
  22  2:00  Reaper  
  23  2:04  Orbital Command  
  23  2:11  Orbital Command  
  23  2:22  Factory  
  23  2:26  Supply Depot  
  23  2:30  SCV  
  23  2:32  Barracks Reactor  
  24  2:37  SCV  
  24  2:42  SCV  
  26  2:50  SCV  
  27  2:54  SCV  
  27  3:02  SCV  
  28  3:05  Cyclone  
  28  3:07  SCV  
  28  3:09  Marine  
  28  3:10  Supply Depot  
  28  3:11  Supply Depot, Bunker  
  33  3:14  SCV  
  33  3:19  SCV  
  35  3:21  Marine  
  35  3:26  SCV  
  36  3:31  SCV  
  34  3:38  SCV, Cyclone  
  34  3:39  Marine  
  23  4:07  Orbital Command  
  23  4:08  SCV  
  21  4:13  Barracks Tech Lab  
  23  4:21  SCV  
  22  4:33  SCV  
  25  4:41  SCV  
  25  4:45  SCV  
  27  4:50  Cyclone  
  27  4:53  SCV  
  27  4:57  SCV  
  29  5:05  SCV  
  25  5:09  SCV  
  12  5:21  SCV  
Tags
 
Add a new tag
Caveats
  • Supply blocks, unpowered buildings, or Contaminate may cause inaccurate times.
  • Supply counts are checked every 10 seconds.